 Dungeon Crawl Stone Soup version 0.30.0-15-g856e2d3f33 (webtiles) character file.

Game seed: 515099657530989389

10194 SnakkuSnakku7 the Brawler (level 11, -1/86 HPs)
             Began as a Ghoul Hexslinger on May 20, 2023.
             Was a Believer of Uskayaw.
             Slain by a vampire mosquito (5 damage)
             ... on level 10 of the Dungeon.
             The game lasted 00:12:19 (9918 turns).

SnakkuSnakku7 the Brawler (Ghoul Hexslinger)        Turns: 9918, Time: 00:12:20

Health: -1/86      AC: 11    Str: 19    XL:     11   Next: 58%
Magic:  11/11      EV:  6    Int:  8    God:    Uskayaw [**....]
Gold:   522        SH: 16    Dex: 15    Spells: 12/12 levels left

rFire   + .          .
                       - Unarmed
rCold   + . .        E - +0 tower shield
rNeg    + + +        u - +0 chain mail
rPois   ∞            (no helmet)
rElec   .            D - +0 cloak
rCorr   .            (no gloves)
SInv    .            C - +1 pair of boots
Will    .....        (no amulet) Stlth
                     f - ring of protection from fire
HPRegen 0.00/turn    h - +6 ring of dexterity
MPRegen 0.12/turn

%: no passive effects
@: inhibited regen
A: claws 1, cold resistance 1, negative energy resistance 3, inhibited
regeneration, torment resistance 2, devour on kill
a: Renounce Religion, Stomp, Line Pass


You were on level 10 of the Dungeon.
You worshipped Uskayaw.
Uskayaw was noncommittal.
You visited 2 branches of the dungeon, and saw 11 of its levels.

You collected 522 gold pieces.

Inventory:

Hand Weapons
 a - a +1 sling
Missiles
 r - a throwing net
Armour
 c - a +0 robe
 g - a +0 leather armour
 u - a +0 chain mail (worn)
 C - a +1 pair of boots (worn)
 D - a +0 cloak (worn)
 E - a +0 tower shield (worn)
Jewellery
 f - a ring of protection from fire (left claw)
 h - a +6 ring of dexterity (right claw)
 k - a ring of resist corrosion
 x - a ring of ice
 G - an amulet of magic regeneration
Wands
 e - a wand of flame (28)
 o - a wand of charming (18)
 s - a wand of polymorph (22)
Scrolls
 b - 2 scrolls of poison
 i - a scroll of acquirement {unknown}
 j - a scroll of silence {unknown}
 m - a scroll of summoning {unknown}
 p - 2 scrolls of immolation
 v - 2 scrolls of fog {unknown}
 w - 3 scrolls of fear
 y - 2 scrolls of enchant armour {unknown}
 B - 2 scrolls of magic mapping {unknown}
Potions
 d - 2 potions of magic
 l - 3 potions of haste
 n - 2 potions of heal wounds
 q - a potion of ambrosia
 t - 9 potions of curing
 z - 2 potions of degeneration {unknown}
 A - a potion of attraction
 F - a potion of flight


   Skills:
 - Level 5.0 Fighting
 - Level 1.7 Ranged Weapons
 - Level 1.7 Dodging
 + Level 9.5 Shields
 - Level 15.0 Unarmed Combat
 - Level 1.0 Spellcasting
 - Level 2.4 Hexes


You had 12 spell levels left.
You didn't know any spells.
Your spell library contained the following spells:

 Spells                   Type           Power      Damage    Failure   Level
 Apportation              Tloc           0%         N/A       100%        1
 Necrotise                Necr           0%         1d4       100%        1
 Slow                     Hex            16%        N/A       100%        1
 Summon Small Mammal      Summ           0%         N/A       100%        1
 Cigotuvi's Dreadful Rot  Necr/Pois/Air  0%         N/A       100%        2
 Ensorcelled Hibernation  Hex/Ice        4%         N/A       100%        2
 Passwall                 Tmut/Erth      0%         N/A       100%        2
 Call Canine Familiar     Summ           0%         N/A       100%        3
 Ignite Poison            Fire/Tmut/Pois 0%         N/A       100%        3
 Inner Flame              Hex/Fire       2%         N/A       100%        3
 Portal Projectile        Hex/Tloc       4%         N/A       100%        3
 Summon Guardian Golem    Hex/Summ       2%         N/A       100%        3
 Swiftness                Air            0%         N/A       100%        3
 Tukima's Dance           Hex            4%         N/A       100%        3
 Cause Fear               Hex            2%         N/A       100%        4
 Freezing Cloud           Conj/Ice/Air   0%         6-21      100%        5
 Blade Hands              Tmut           Unusable   N/A       N/A         5

Dungeon Overview and Level Annotations

Branches:
Dungeon (10/15)            Temple (1/1) D:7            Lair (0/5) D:8
    Orc: D:9-12

Altars:
Ashenzari
Cheibriados
Dithmenos
Fedhas
Gozag
Hepliaklqana
Kikubaaqudgha
Makhleb
Nemelex Xobeh
Okawaru
Qazlal
Ru
Sif Muna
Trog
Uskayaw
Vehumet
Wu Jian
Xom
Yredelemnul


Innate Abilities, Weirdness & Mutations

You are immune to poison.
You have sharp fingernails.
Your flesh is cold resistant. (rC+)
You are immune to negative energy. (rN+++)
You do not regenerate when monsters are visible.
You are immune to unholy pain and torment.
You thrive by killing the living.


Message History

The vampire mosquito bites you.
You block the vampire mosquito's attack.
Unknown command.
The vampire mosquito attacks as you move away!
You block the vampire mosquito's attack.
The vampire mosquito bites you but does no damage.
You block the vampire mosquito's attack.
The vampire mosquito attacks as you move away!
The vampire mosquito bites you.
You block the vampire mosquito's attack.
You scratch the vampire mosquito but do no damage.
You scratch the vampire mosquito.
The vampire mosquito is lightly damaged.
You block the vampire mosquito's attack. x2
The vampire mosquito bites you but does no damage.
The vampire mosquito barely misses you.
Unknown command.
You claw the vampire mosquito!
The vampire mosquito is heavily damaged.
You block the vampire mosquito's attack.
The vampire mosquito bites you.
You block the vampire mosquito's attack.
The vampire mosquito bites you!
* * * LOW HITPOINT WARNING * * *
You closely miss the vampire mosquito.
The vampire mosquito is heavily damaged.
The vampire mosquito bites you!
* * * LOW HITPOINT WARNING * * *
You block the vampire mosquito's attack.
The vampire mosquito bites you.
* * * LOW HITPOINT WARNING * * *
You block the vampire mosquito's attack.
The vampire mosquito bites you.
* * * LOW HITPOINT WARNING * * *
You claw the vampire mosquito!
The vampire mosquito is almost destroyed.
The vampire mosquito bites you but does no damage.
You block the vampire mosquito's attack.
The vampire mosquito bites you.
You die...

#.†# ##.#### ##....###
#.......######
#.##.##......
#.#...#.##.##
#.......#...#.#
#########.#..yyyy.....#
#.........##..#@....#.
#............y###..##
#........##..## .....
##...>....#.... ##.#.
.............. ..
##........#... #
#<.......##.# #........
.. ######..#


You could see 4 vampire mosquitoes.

Vanquished Creatures
  Fannar (D:10)
  Erolcha (D:9)
  Harold (D:10)
  Amaemon (D:8)
  An orange demon (D:8)
  An unseen horror (D:7)
  2 kobold demonologists (D:9)
  Maggie (D:7)
  A troll (D:10)
  2 hornets
  4 wyverns
  A wraith (D:9)
  12 yaks
  Grum (D:10)
  An acid dragon (D:7)
  2 water moccasins
  2 black bears
  An orc warrior (D:8)
  2 sky beasts (D:7)
  4 ice beasts
  3 wolves (D:9)
  2 ogres
  4 centaurs
  2 kobold brigands (D:7)
  2 bullfrogs
  3 scorpions
  3 killer bees (D:8)
  3 jellies
  7 hounds
  Crazy Yiuf (D:7)
  A gnoll bouda (D:8)
  3 orc priests
  Ijyb (D:5)
  3 iguanas
  2 sleepcaps (D:7)
  3 orc wizards
  13 gnolls
  5 adders
  A shadow imp (D:7)
  4 white imps
  4 ufetubi
  A worm (D:2)
  2 dart slugs
  20 orcs
  5 ball pythons
  3 endoplasms
  3 giant cockroaches
  5 goblins
  8 hobgoblins
  4 jackals (D:1)
  3 quokkas
  7 bats
  4 frilled lizards
  8 kobolds
  2 rats
187 creatures vanquished.

Vanquished Creatures (collateral kills)
  5 kobolds (D:7)
5 creatures vanquished.

Grand Total: 192 creatures vanquished

Notes
Turn   | Place    | Note
-------+----------+-------------------------------------------
     0 | D:1      | SnakkuSnakku7 the Ghoul Hexslinger began the quest for the
                  | Orb.
     0 | D:1      | Reached XP level 1. HP: 16/16 MP: 1/1
   126 | D:1      | Reached skill level 1 in Unarmed Combat
   175 | D:1      | Reached XP level 2. HP: 10/24 MP: 2/2
   907 | D:2      | Reached XP level 3. HP: 30/30 MP: 3/3
   959 | D:1      | Reached skill level 2 in Unarmed Combat
  1278 | D:2      | Reached XP level 4. HP: 37/38 MP: 4/4
  1543 | D:2      | HP: 1/38 [gnoll/+0 club (2)]
  1547 | D:2      | Reached skill level 3 in Unarmed Combat
  1974 | D:3      | Found a faded altar of an unknown god.
  2228 | D:3      | Reached XP level 5. HP: 46/46 MP: 5/5
  2472 | D:4      | Noticed an ogre
  2532 | D:4      | Killed an ogre
  2533 | D:4      | Reached skill level 4 in Unarmed Combat
  2548 | D:4      | Reached XP level 6. HP: 23/53 MP: 6/6
  2704 | D:4      | Reached skill level 5 in Fighting
  2936 | D:4      | Reached skill level 5 in Unarmed Combat
  2985 | D:4      | Reached XP level 7. HP: 48/61 MP: 7/7
  3010 | D:4      | Reached skill level 6 in Unarmed Combat
  3359 | D:5      | Entered Level 5 of the Dungeon
  3771 | D:5      | Noticed Ijyb
  3795 | D:5      | Reached skill level 7 in Unarmed Combat
  3802 | D:5      | Killed Ijyb
  3985 | D:6      | Found an iron altar of Okawaru.
  4116 | D:6      | Reached skill level 8 in Unarmed Combat
  4122 | D:6      | Reached XP level 8. HP: 66/68 MP: 8/8
  4213 | D:6      | Reached skill level 9 in Unarmed Combat
  4322 | D:6      | Noticed a two-headed ogre
  4955 | D:7      | Reached skill level 10 in Unarmed Combat
  4963 | D:7      | Found a staircase to the Ecumenical Temple.
  5009 | Temple   | Entered the Ecumenical Temple
  5026 | D:7      | Noticed Maggie
  5041 | D:7      | Killed Maggie
  5042 | D:7      | Reached skill level 11 in Unarmed Combat
  5042 | D:7      | Reached XP level 9. HP: 14/74 MP: 9/9
  5372 | D:7      | Found a runed translucent door.
  5373 | D:7      | Noticed Crazy Yiuf
  5378 | D:7      | Killed Crazy Yiuf
  5519 | D:7      | Reached skill level 1 in Shields
  5552 | D:7      | Noticed a hornet
  5569 | D:7      | Killed a hornet
  5758 | D:7      | Reached skill level 12 in Unarmed Combat
  5888 | D:7      | Found a hide-covered altar of Uskayaw.
  6216 | D:7      | Killed an unseen horror
  6609 | D:8      | Reached XP level 10. HP: 81/81 MP: 10/10
  6647 | D:8      | Reached skill level 5 in Shields
  6672 | D:8      | Reached skill level 13 in Unarmed Combat
  7045 | D:8      | Found a staircase to the Lair.
  7344 | D:8      | Noticed an orange demon
  7344 | D:8      | Noticed Amaemon
  7355 | D:8      | Killed an orange demon
  7408 | D:8      | Killed Amaemon
  8041 | D:9      | Noticed Erolcha
  8212 | D:9      | Killed Erolcha
  8295 | D:9      | Reached skill level 14 in Unarmed Combat
  8319 | D:9      | Identified the +1 scale mail of Cheibriados's Favour {Harm
                  | Will- Dex+2}
  8351 | D:9      | Noticed a kobold demonologist
  8356 | D:9      | Noticed a kobold demonologist
  8361 | D:9      | Killed a kobold demonologist
  8368 | D:9      | Noticed a sun demon
  8368 | D:9      | Killed a kobold demonologist
  8412 | D:9      | Reached XP level 11. HP: 81/86 MP: 11/11
  8651 | D:10     | Entered Level 10 of the Dungeon
  8651 | D:10     | Noticed Harold
  8653 | D:10     | Noticed Fannar
  8653 | D:10     | Noticed Grum
  8737 | D:10     | Found a blossoming altar of Fedhas.
  8737 | D:10     | Found an ancient bone altar of Kikubaaqudgha.
  8737 | D:10     | Found an opulent altar of Gozag.
  8737 | D:10     | Found a sparkling altar of Nemelex Xobeh.
  8737 | D:10     | Found a basalt altar of Yredelemnul.
  8863 | D:7      | Became a worshipper of Uskayaw the Reveller
  9172 | D:10     | Reached * piety under Uskayaw
  9173 | D:10     | Reached ** piety under Uskayaw
  9174 | D:10     | Killed Harold
  9225 | D:9      | Reached *** piety under Uskayaw
  9387 | D:10     | Reached **** piety under Uskayaw
  9524 | D:10     | Reached skill level 15 in Unarmed Combat
  9531 | D:10     | Reached ***** piety under Uskayaw
  9537 | D:10     | Killed Fannar
  9910 | D:10     | Killed Grum
  9917 | D:10     | HP: 4/86 [vampire mosquito (5)]
  9918 | D:10     | Slain by a vampire mosquito

Illustrated notes

Levels and vault maps discovered:
D:1:      lightli_arrival_chessboard, layout_basic, chequers_jeans
D:2:      layout_rooms, chequers_mini_garden, hex_medium
D:3:      layout_loops_cross, hellmonk_ecumenical_altar_blasted
D:4:      layout_cave_pools, fountainhead
D:5:      layout_loops_ring, uniq_ijyb
D:6:      layout_cave_pods, mainiacjoe_overflow_tiny_flanked,
          serial_column_ruins, column_ruins_circle_medium,
          column_ruins_open_tiny, column_ruins_open_small,
          column_ruins_open_medium, column_ruins_grid_4, column_ruins_open_tiny
D:7:      minmay_slanted_spiral_squares, layout_basic,
          nicolae_uskayaw_dance_studio, minmay_temple_entry_stoned_glass,
          uniq_crazy_yiuf_cottage, uniq_maggie
D:8:      nicolae_BIG_FREAKIN_CUBE, layout_gridville, uniq_amaemon
D:9:      layout_basic, uniq_erolcha
D:10:     layout_roguey, grunt_temple_overflow_open,
          hangedman_decor_clover_reticule, uniq_fannar, uniq_grum, uniq_harold
Temple:   hellmonk_temple_two_chambers

Skill      XL: |  1  2  3  4  5  6  7  8  9 10 11 |
---------------+----------------------------------+-----
Unarmed Combat | 1 2 3 4 5 8 11 12 14 15 | 15.0
Fighting       | 2 3 4 5 |  5.0
Shields        | 4 7 9 |  9.5
Ranged Weapons | |  1.7
Dodging        | |  1.7
Spellcasting   | |  1.0
Hexes          | |  2.4

Action                     |  1- 3 |  4- 6 |  7- 9 | 10-12 || total
---------------------------+-------+-------+-------+-------++-------
  Melee: Unarmed           |    72 |   134 |   293 |   267 ||   766
         Punch             |       |     3 |    17 |     7 ||    27
   Fire: Sling             |    76 |       |       |       ||    76
  Evoke: Wand              |       |       |     8 |     2 ||    10
    Use: Potion            |     1 |     3 |       |     5 ||     9
         Scroll            |       |       |     9 |     5 ||    14
   Stab: Paralysed         |       |       |       |     4 ||     4
 Armour: Leather armour    |    40 |     6 |       |       ||    46
         Robe              |     3 |       |       |       ||     3
         Chain mail        |       |    30 |   156 |   118 ||   304
  Dodge: Dodged            |   104 |    66 |    82 |   109 ||   361
  Block: Tower shield      |       |       |       |   135 ||   135
